 Dungeon Crawl Stone Soup version 0.25-a0-578-gc91f01c39c (webtiles) character file.

Game seed: 1997698033762192944, levelgen mode: deterministic

1358 Emblim88 the Grasshopper (level 8, -9/78 HPs)
             Began as a Troll Warper on Mar 3, 2020.
             Was a Follower of Uskayaw.
             Mangled by an orc warrior
             ... wielding a +0 flail
              (17 damage)
             ... on level 6 of the Dungeon.
             The game lasted 00:09:47 (4474 turns).

Emblim88 the Grasshopper (Troll Warper)             Turns: 4474, Time: 00:09:48

Health: -9/78      AC:  6    Str: 21 (22) XL:     8   Next: 37%
Magic:  7/9        EV: 11    Int:  9      God:    Uskayaw [*.....]
Gold:   353        SH:  0    Dex:  8 (9)  Spells: 1/9 levels left

rFire    . . .     SeeInvis .     - Unarmed
rCold    . . .     Gourm    +   (no shield)
rNeg     . . .     Faith    +   a - +0 robe
rPois    .         Spirit   .   (helmet restricted)
rElec    .         Reflect  .   (no cloak)
rCorr    .         Harm     .   (gloves unavailable)
MR       .....                  (boots unavailable)
Stlth    +.........             l - amulet of faith
HPRegen  0.63/turn              q - ring of wizardry
MPRegen  0.11/turn              (no ring)

@: very slightly contaminated
A: large, unfitting armour, claws 3, fast metabolism 3, gourmand, regeneration
1, shaggy fur 1, tough skin 3
a: Stomp, Renounce Religion


You were on level 6 of the Dungeon.
You worshipped Uskayaw.
Uskayaw was noncommittal.
You were not hungry.

You visited 1 branch of the dungeon, and saw 6 of its levels.

You collected 353 gold pieces.

Inventory:

Hand Weapons
 b - a +3 dire flail of protection
Missiles
 r - 22 poisoned darts (quivered)
Armour
 a - a +0 robe (worn)
Magical Staves
 v - an uncursed staff of death {unknown}
Jewellery
 d - a +3 ring of intelligence {unknown}
 l - an amulet of faith (around neck)
 q - a ring of wizardry (left claw)
Wands
 h - a wand of random effects (11)
Scrolls
 c - 2 scrolls of blinking
 i - 2 scrolls of remove curse
 j - a scroll of magic mapping
 k - a scroll of teleportation
 n - 2 scrolls of noise
 o - a scroll of fear
 s - a scroll of immolation {unknown}
 t - a scroll of random uselessness {unknown}
 u - 2 scrolls of enchant armour {unknown}
 w - 3 scrolls of amnesia {unknown}
Potions
 e - 3 potions of degeneration
 g - 2 potions of mutation {unknown}
 m - 2 potions of stabbing {unknown}
 p - 2 potions of heal wounds {unknown}
 x - a potion of curing {unknown}
Comestibles
 f - 22 rations


   Skills:
 + Level 4.1 Fighting
 - Level 1.9 Throwing
 + Level 3.9 Dodging
 + Level 4.9 Unarmed Combat
 - Level 1.4 Spellcasting
 * Level 5.2 Translocations


You had one spell level left.
You knew the following spells:

 Your Spells              Type           Power        Failure   Level  Hunger
a - Blink                 Tloc           N/A          2%          2    ###....
b - Shroud of Golubria    Chrm/Tloc      #.....       8%          2    ###....
c - Passage of Golubria   Tloc           N/A          16%         4    #####..

Your spell library contained the following spells:

 Spells                   Type           Power        Failure   Level  Hunger
 Summon Small Mammal      Summ           #...         14%         1    ##.....
 Gell's Gravitas          Tloc           ##........   4%          3    ####...
 Lesser Beckoning         Tloc           ##........   4%          3    ####...
 Teleport Other           Tloc           ##......     4%          3    ####...
 Call Imp                 Summ           #.......     21%         2    ###....
 Call Canine Familiar     Summ           #.......     38%         3    ####...
 Confusing Touch          Hex            #.......     38%         3    ####...
 Summon Guardian Golem    Hex/Summ       #.......     38%         3    ####...
 Petrify                  Tmut/Erth      #.......     77%         4    #####..
 Summon Ice Beast         Ice/Summ       #.......     77%         4    #####..
 Summon Lightning Spire   Summ/Air       #.......     77%         4    #####..
 Metabolic Englaciation   Hex/Ice        #.........   98%         5    ######.
 Yara's Violent Unravell  Hex/Tmut       #.........   98%         5    ######.


Dungeon Overview and Level Annotations

Branches:
Dungeon (6/15)             Temple (0/1) D:6

Altars:
Dithmenos
Trog
Uskayaw

Annotations:
D:5 2 runed translucent doors, blobbo's ghost, amateur DEVM


Innate Abilities, Weirdness & Mutations

You are too large for most types of armour.
You have claws for hands.
Your metabolism is lightning-fast.
You like to eat raw meat.
Your natural rate of healing is unusually fast.
You are covered in fur. (AC +1)
You have extremely tough skin. (AC +3)


Message History

The orc warrior is severely wounded.
The orc warrior misses you.
You barely miss the orc warrior.
The orc warrior is severely wounded.
Your shroud unravels.
The orc warrior hits you with a +0 flail!
* * * LOW HITPOINT WARNING * * *
You closely miss the orc warrior.
The orc warrior is severely wounded.
The orc warrior closely misses you.
You scratch the orc warrior but do no damage.
The orc warrior is heavily wounded.
You barely miss the orc warrior.
The orc warrior is heavily wounded.
The orc warrior hits you with a +0 flail!
* * * LOW HITPOINT WARNING * * *
You closely miss the orc warrior.
The orc warrior is heavily wounded.
The orc warrior hits you with a +0 flail!
You die...

.#'#####..# .#....#####
#.# .##...####### #.#
###.##..##..# ...#
#.##..##..##...#
#...##.)##..##.#
#...##..##..##.# .#
#.##..##..##...##...#.
###.##..##..##..@oOZ....
.##...##..##..##.##Z..#.
.##...##..##..##.# .#
.##.##..##..##...#
.##.##..##..##...#
.##...##..##..####
.##...##..##..#
.##############
........#


You could see an orc warrior, an ogre, a bullfrog skeleton and a howler monkey
skeleton.

Vanquished Creatures
  Edmund (D:5)
  An ice beast (D:6)
  An orc warrior (D:6)
  A phantom (D:6)
  2 ogres
  A bullfrog (D:6)
  2 crimson imps
  A quasit (D:6)
  6 hounds
  An orc priest (D:5)
  2 orc wizards (D:5)
  An iguana (D:4)
  Natasha (D:4)
  3 worker ants
  8 gnolls (D:5)
  5 adders
  3 oozes
  2 worms (D:3)
  2 dart slugs (D:1)
  5 leopard geckos
  10 orcs
  5 giant cockroaches
  10 goblins
  7 hobgoblins
  13 jackals
  9 kobolds
  3 quokkas
  7 bats
  2 frilled lizards
  A giant cockroach zombie (D:6)
  A leopard gecko skeleton (D:4)
  12 rats
129 creatures vanquished.

Notes
Turn   | Place    | Note
-------+----------+-------------------------------------------
     0 | D:1      | Emblim88 the Troll Warper began the quest for the Orb.
     0 | D:1      | Reached XP level 1. HP: 19/19 MP: 1/1
    79 | D:1      | Reached skill level 1 in Throwing
   167 | D:1      | Reached XP level 2. HP: 27/28 MP: 3/3
   296 | D:1      | Learned a level 2 spell: Blink
   418 | D:1      | Reached XP level 3. HP: 35/35 MP: 4/4
   727 | D:1      | Learned a level 2 spell: Shroud of Golubria
   910 | D:2      | Found a shadowy altar of Dithmenos.
  1174 | D:2      | Reached XP level 4. HP: 42/42 MP: 5/5
  1702 | D:3      | Found a hide-covered altar of Uskayaw.
  1718 | D:3      | Became a worshipper of Uskayaw the Reveler
  1818 | D:3      | Reached * piety under Uskayaw
  2022 | D:3      | Reached ** piety under Uskayaw
  2044 | D:3      | Reached XP level 5. HP: 50/50 MP: 6/6
  2054 | D:3      | Reached skill level 3 in Translocations
  2528 | D:4      | Found a bloodstained altar of Trog.
  2622 | D:4      | Reached XP level 6. HP: 59/59 MP: 7/7
  2643 | D:4      | Noticed Natasha
  2651 | D:4      | Reached *** piety under Uskayaw
  2652 | D:4      | Killed Natasha
  3041 | D:5      | Entered Level 5 of the Dungeon
  3050 | D:5      | Reached XP level 7. HP: 46/67 MP: 8/8
  3109 | D:5      | Reached skill level 4 in Translocations
  3125 | D:5      | Reached **** piety under Uskayaw
  3150 | D:5      | Found a large runed translucent door.
  3150 | D:5      | Found a large runed translucent door.
  3152 | D:5      | Noticed blobbo's ghost (amateur DEVM)
  3410 | D:5      | Noticed Edmund
  3436 | D:5      | Killed Edmund
  3892 | D:6      | Learned a level 4 spell: Passage of Golubria
  3975 | D:6      | Found a staircase to the Ecumenical Temple.
  4044 | D:6      | Reached XP level 8. HP: 76/78 MP: 9/9
  4314 | D:6      | Reached skill level 5 in Translocations
  4321 | D:6      | Reached ***** piety under Uskayaw
  4333 | D:6      | Reached ****** piety under Uskayaw
  4474 | D:6      | Mangled by an orc warrior

Levels and vault maps discovered:
D:1:      psy_arrival_basics, layout_loops_corners
D:2:      layout_loops_ring, overflow_temple_1_default
D:3:      minmay_bubble_buster, layout_basic, lemuel_crystal_altar, first_ration
D:4:      layout_rooms, kennysheep_mini_moat, uniq_natasha
D:5:      layout_basic, ebering_ghost_disaster_area, uniq_edmund
D:6:      wad_guarded_room, layout_cave_pods

Skill      XL: |  1  2  3  4  5  6  7  8 |
---------------+-------------------------+-----
Throwing       | 1 |  1.9
Dodging        | 2 3 |  3.9
Fighting       | 2 3 4 |  4.1
Translocations | 3 4 5 |  5.2
Unarmed Combat | 3 4 |  4.9
Spellcasting   | |  1.4

Action                   |  1- 3 |  4- 6 |  7- 9 || total
-------------------------+-------+-------+-------++-------
Melee: Unarmed           |   142 |   165 |   172 ||   479
       Punch             |       |     1 |     1 ||     2
Throw: Boomerang         |       |     2 |     3 ||     5
 Cast: Shroud of Golubri |       |       |     1 ||     1
  Use: Scroll            |       |     5 |       ||     5
       Potion            |       |       |     4 ||     4
 Stab: Sleeping          |       |     1 |       ||     1
       Paralysed         |       |     1 |    10 ||    11
  Eat: Chunk             |    16 |    18 |     8 ||    42
Armor: Robe              |    55 |    72 |    47 ||   174
Dodge: Dodged            |    62 |    94 |    84 ||   240

Table legend:
 A = Non-vault XP
 B = Vault XP
 C = Vault XP percentage of total XP
 D = Non-vault monster count
 E = Vault monster count
 F = Vault count percentage of total count
                 A         B        C        D         E       F
            +---------+---------+-------+---------+---------+-------
      Total |    1408 |     532 |  27.4 |     112 |      17 |  13.2
            +---------+---------+-------+---------+---------+-------
        D:1 |      67 |       0 |   0.0 |      33 |       0 |   0.0
        D:2 |      45 |       0 |   0.0 |      13 |       0 |   0.0
        D:3 |     166 |      22 |  11.7 |      32 |       9 |  22.0
        D:4 |     285 |      35 |  10.9 |       8 |       1 |  11.1
        D:5 |     456 |     157 |  25.6 |      20 |       1 |   4.8
        D:6 |     389 |     318 |  45.0 |       6 |       6 |  50.0
            +---------+---------+-------+---------+---------+-------
